 Dungeon Crawl Stone Soup version 0.17-a0-2147-gfb20a63 (webtiles) character file.

41 fredomojojo the Grave Robber (level 3, 27/27 HPs)
             Began as a Centaur Necromancer on Oct 24, 2015.
             Got out of the dungeon alive.
             The game lasted 00:44:24 (1960 turns).

fredomojojo the Grave Robber (Centaur Necromancer)  Turns: 1960, Time: 00:44:24

Health: 27/27      AC:  5    Str: 10    XL:     3   Next: 32%
Magic:  5/5        EV:  9    Int: 15    God:
Gold:   102        SH:  0    Dex:  9    Spells: 3 memorised, 0 levels left

rFire  . . .     SeeInvis .       - Unarmed
rCold  . . .     Clarity  .     a - +1 robe
rNeg   . . .     SustAt   .     (no shield)
rPois  .         Gourm    .     (no helmet)
rElec  .         Spirit   .     (no cloak)
rCorr  .         Warding  .     (no gloves)
rMut   .         Stasis   .     (no barding)
MR     .....                    (no amulet)
Stlth  +.........               (no ring)
                                (no ring)

@: very quick, not resistant to hostile enchantments, very unstealthy
A: hooves 3, deformed body, speed 2, tough skin 3
a: no special abilities


You escaped.
You were not hungry.

You visited 1 branch of the dungeon, and saw 3 of its levels.

You collected 102 gold pieces.

Inventory:

Hand Weapons
 n - a +0 shortbow
Missiles
 c - 77 stones (quivered)
 e - 2 throwing nets
 f - 12 bolts
 i - 10 bolts of penetration
Armour
 a - a +1 robe (worn)
Scrolls
 h - a scroll of magic mapping {unknown}
 k - a scroll of enchant armour
 l - a scroll of fog {unknown}
 o - a scroll of identify {unknown}
Potions
 g - a potion of ambrosia {unknown}
Books
 b - a book of Necromancy

   Spells                             Type                      Level
   a - Pain                           Necromancy                   1
   b - Animate Skeleton               Necromancy                   1
   c - Vampiric Draining              Necromancy                   3
   d - Regeneration                   Charms/Necromancy            3
   e - Animate Dead                   Necromancy                   4
   f - Control Undead                 Necromancy                   4
Comestibles
 d - a royal jelly
 j - 4 chunks of flesh
 m - a meat ration


   Skills:
 * Level 0.8 Fighting
 * Level 0.4 Throwing
 * Level 0.3 Armour
 + Level 1.5 Dodging
 + Level 1.3 Stealth
 * Level 1.0 Unarmed Combat
 * Level 1.9 Spellcasting
 + Level 3.8 Necromancy


You couldn't memorise any spells.
You knew the following spells:

 Your Spells              Type           Power        Failure   Level  Hunger
a - Pain                  Necr           ##..         6%          1    ##.....
b - Animate Skeleton      Necr           N/A          6%          1    ##.....
c - Vampiric Draining     Necr           ##........   17%         3    ####...


Dungeon Overview and Level Annotations

Branches:
Dungeon (3/15)

Altars:
Makhleb


Innate Abilities, Weirdness & Mutations

You have hooves in place of feet.
Armour fits poorly on your strangely shaped body.
You cover ground very quickly.
You have extremely tough skin (AC +3).


Message History

The bat hits you but does no damage. The bat closely misses you.
The bat hits you but does no damage. The bat hits you but does no damage.
The bat hits you but does no damage. The bat hits you but does no damage.
The bat barely misses you. The bat hits you but does no damage.
The bat barely misses you.
There is a stone staircase leading up here.
The bat hits you.
You climb upwards.
There is a stone staircase leading down here.
There is a stone staircase leading up here.
HP restored.
You climb upwards.
There is a stone staircase leading down here.
There is a staircase leading out of the dungeon here.
You can't go down here!
Are you sure you want to leave the Dungeon?
This will make you lose the game!
You have escaped!

.........#####....#### #.......#
...#####...#.........####.......#
...# ##....#.....#............#
...# #.....##...##....#.......#
..># #.....###.###)..)###..####
...# #..###.#####.###.# ##.# ...#
#...###.###.###..# #.# ...#
##...###...###...####.## #.##
#....##.@.##..........# #.#
#...###.[.###.........# #.#
####..###.###.###........### #.#
##.#..###.# ###.###...>.....#
..###...#....# #.###.............
.###.....##..##...##..>..........
.............#.....#....########.
.#.........#.........##.# ##
.###.....#####)########.####


There were no monsters in sight!

Vanquished Creatures
  An ooze (D:1)
  5 giant geckos (D:1)
  8 bats
  3 hobgoblins
  A ball python (D:2)
  2 giant cockroaches
  4 goblins (D:1)
  5 kobolds
  4 rats
33 creatures vanquished.

Notes
Turn   | Place    | Note
--------------------------------------------------------------
     0 | D:1      | fredomojojo the Centaur Necromancer began the quest for the Orb.
     0 | D:1      | Reached XP level 1. HP: 14/14 MP: 3/3
     7 | D:1      | Learned a level 1 spell: Animate Skeleton
   108 | D:1      | Reached XP level 2. HP: 1/22 MP: 0/4
  1147 | D:2      | Reached XP level 3. HP: 27/27 MP: 3/5
  1751 | D:1      | Learned a level 3 spell: Vampiric Draining
  1798 | D:3      | Reached skill level 1 in Unarmed Combat
  1850 | D:3      | Found a faded altar to an unknown god.
  1882 | D:3      | Became a worshipper of Makhleb the Destroyer
  1882 | D:3      | Reached * piety under Makhleb
  1882 | D:3      | Fell from the grace of Makhleb
  1960 | D:$      | Got out of the dungeon alive.

Vault maps used:
D:1:      roderic_crossed_star
D:2:      kennysheep_pointless_box, uniq_natasha
D:3:      tgw_sif, ecumenical_altar_2

Action                   || total
-------------------------++-------
Melee: Unarmed           ||    51
Throw: Stone             ||    20
 Cast: Pain              ||    56
       Animate Skeleton  ||     2
Invok: Renounce Religion ||     1
  Use: Scroll            ||     1
       Potion            ||     1
  Eat: Bread ration      ||     1
